 Dungeon Crawl Stone Soup version 0.29-a0-416-g83a48905f1 (webtiles) character file.

Game seed: 16983087202762517336

640 xian the Ducker (level 7, -15/62 HPs)
             Began as a Troll Hedge Wizard on May 16, 2022.
             Was a Follower of Uskayaw.
             Demolished by an ice devil (17 damage)
             ... summoned by a kobold demonologist
             ... on level 5 of the Dungeon.
             The game lasted 00:25:38 (5061 turns).

xian the Ducker (Troll Hedge Wizard)                Turns: 5061, Time: 00:25:39

Health: -15/62     AC:  8    Str: 21    XL:     7   Next: 26%
Magic:  10/10      EV:  9    Int: 10    God:    Uskayaw [*.....]
Gold:   310        SH:  0    Dex:  9    Spells: 9/11 levels left

rFire   . . .      SeeInvis .   v - +4 dagger (speed)
rCold   . . .      Faith    .   (no shield)
rNeg    . . .      Spirit   .   b - +0 robe
rPois   .          Reflect  .   c - +0 hat
rElec   .          Harm     .   (no cloak)
rCorr   .          Rampage  .   (gloves unavailable)
Will    .....                   (boots unavailable)
Stlth   +.........              f - amulet of the acrobat
HPRegen 1.00/turn               i - +4 ring of protection
MPRegen 0.12/turn               (no ring)

@: no status effects
A: large, unfitting armour, claws 3, regeneration 1, shaggy fur 1, tough skin 1
a: Renounce Religion, Stomp


You were on level 5 of the Dungeon.
You worshipped Uskayaw.
Uskayaw was noncommittal.
You visited 2 branches of the dungeon, and saw 6 of its levels.

You collected 310 gold pieces.

Inventory:

Hand Weapons
 v - a +4 dagger of speed (weapon)
 y - a +0 mace of draining
Armour
 b - a +0 robe (worn)
 c - a +0 hat (worn)
Magical Staves
 g - a staff of cold
 h - a staff of air
Jewellery
 f - an amulet of the acrobat (around neck)
 i - a +4 ring of protection (left claw)
 s - an amulet of magic regeneration
Wands
 t - a wand of charming (8)
Scrolls
 a - a scroll of fog {unknown}
 e - a scroll of identify
 j - a scroll of vulnerability {unknown}
 k - a scroll of poison {unknown}
 l - 2 scrolls of noise {unknown}
 m - a scroll of amnesia
 o - 4 scrolls of immolation {unknown}
 p - a scroll of enchant armour {unknown}
 q - a scroll of silence {unknown}
 r - a scroll of blinking {unknown}
 w - a scroll of magic mapping {unknown}
 x - a scroll of summoning {unknown}
Potions
 d - a potion of magic
 n - 2 potions of mutation
 u - a potion of might
 z - a potion of flight {unknown}
 A - a potion of curing {unknown}


   Skills:
 + Level 1.6(0.8) Fighting
 + Level 2.9(1.4) Short Blades
 + Level 1.9(0.9) Staves
 + Level 3.1(1.5) Dodging
 + Level 1.6(0.8) Stealth
 + Level 2.8(1.4) Spellcasting
 + Level 1.3(0.6) Conjurations
 + Level 0.9(0.4) Hexes
 + Level 0.6(0.3) Summonings
 + Level 0.6(0.3) Translocations


You had 9 spell levels left.
You knew the following spells:

 Your Spells              Type           Power      Damage    Failure   Level
a - Magic Dart            Conj           8%         1d3       26%         1
b - Slow                  Hex            4%         N/A       28%         1

Your spell library contained the following spells:

 Spells                   Type           Power      Damage    Failure   Level
 Blink                    Tloc           2%         N/A       41%         2
 Call Imp                 Summ           1%         N/A       41%         2
 Conjure Flame            Conj/Fire      1%         6-21      65%         3
 Mephitic Cloud           Conj/Pois/Air  1%         N/A       67%         3


Dungeon Overview and Level Annotations

Branches:
Dungeon (5/15)             Temple (1/1) D:4

Altars:
Ashenzari
Elyvilon
Gozag
Makhleb
Okawaru
Qazlal
Ru
Trog
Uskayaw
Vehumet
Wu Jian
Xom
Zin

Shops:
D:2 =


Innate Abilities, Weirdness & Mutations

You are too large for most types of armour.
You have claws for hands.
Your natural rate of healing is unusually fast.
You are covered in fur. (AC +1)
You have tough skin. (AC +1)


Message History

The white imp is lightly wounded.
You closely miss the white imp.
The white imp is lightly wounded.
The white imp hits you. The white imp freezes you.
You barely miss the ice devil. You hit the ice devil.
The ice devil is lightly wounded.
The white imp disappears in a puff of smoke!
The white imp gestures at you. The puff of frost hits you.
The orange demon closely misses you. The ice devil hits you.
The ice devil freezes you! The white imp attacks as you move away!
The white imp hits you but does no damage.
The white imp closely misses you. The white imp closely misses you.
The ice devil attacks as you move away! The ice devil barely misses you.
The white imp gestures at you. The puff of frost misses you.
The white imp gestures at you. The puff of frost misses you.
Aiming: Charm
Press: ? - help, Shift-Dir - straight line, f - ice devil
Aim: an ice devil (lightly wounded, summoned, chance to affect: 7%)
The ice devil resists with almost no effort.
The white imp gestures at you. The puff of frost hits you.
The ice devil hits you but does no damage.
Aiming: Charm
Press: ? - help, Shift-Dir - straight line, f/p - ice devil
Aim: an ice devil (lightly wounded, summoned, chance to affect: 7%)
The ice devil resists with almost no effort.
The orange demon barely misses you.
The kobold demonologist begins to cast a cantrip, but forgets the words!
The ice devil hits you. The ice devil freezes you!!
* * * LOW HITPOINT WARNING * * *
Unknown command.
The ice devil attacks as you move away! The ice devil hits you!
* * * LOW HITPOINT WARNING * * *
The ice devil freezes you!
You die...

#.# ##.......## ##.##.#
#. #.#
##.....##########.# #.
#.# ##.5..5.5K.# #.# #.
#.# #..######.## #.#
###. #.# #..######..#
#.# #...
#.######5.#.#...#.######
#.#.
#.........#....4....#
#.##
######........#45##..#
#.## #....)..#5@#.# #!#
#.#. #<...)..K.#.#.# #
#.#. #...().#.....##
#.#. ###.#......### #.#.
#.#.)..#.... #...
#.#.#...#.## ###.
#.....#..#.# #. ###
#.#.......#. #. ..##
#.#........# ###.


You could see an orange demon (summoned), an ice devil (summoned), a kobold
demonologist and 2 white imps.

Vanquished Creatures
  Menkaure (D:4)
  An ogre (D:5)
  A bullfrog (D:4)
  A scorpion (D:5)
  A hound (D:5)
  2 orc priests (D:5)
  Natasha (thrice) (D:3)
  2 iguanas
  An adder (D:3)
  4 worms
  2 dart slugs
  15 orcs
  6 endoplasms
  2 giant cockroaches
  4 goblins
  3 hobgoblins
  8 jackals (D:3)
  3 quokkas
  6 ball pythons
  7 bats
  3 frilled lizards
  3 kobolds
  4 rats
83 creatures vanquished.

Vanquished Creatures (collateral kills)
  2 orcs (D:4)
2 creatures vanquished.

Vanquished Creatures (others)
  An orc wizard (D:5)
  An orc (D:4)
2 creatures vanquished.

Grand Total: 87 creatures vanquished

Notes
Turn   | Place    | Note
-------+----------+-------------------------------------------
     0 | D:1      | xian the Troll Hedge Wizard began the quest for the Orb.
     0 | D:1      | Reached XP level 1. HP: 16/16 MP: 2/2
    59 | D:1      | Learned a level 1 spell: Slow
   159 | D:1      | Reached XP level 2. HP: 24/24 MP: 0/4
   568 | D:1      | Reached skill level 2 in Dodging
   806 | D:1      | You fall into a shaft and drop 1 floor!
  1124 | D:2      | Reached XP level 3. HP: 32/32 MP: 3/5
  1354 | D:2      | Found Zextiocs's Jewellery Shoppe.
  1937 | D:3      | Reached skill level 1 in Staves
  2170 | D:3      | Reached skill level 1 in Fighting
  2208 | D:3      | Reached XP level 4. HP: 41/41 MP: 6/6
  2659 | D:3      | Found a broken altar of Ashenzari.
  2706 | D:3      | Became a worshipper of Ashenzari the Shackled
  2947 | D:4      | Noticed Menkaure
  3068 | D:4      | Noticed Natasha
  3114 | D:3      | Killed Natasha
  3380 | D:3      | Noticed Natasha
  3390 | D:3      | Killed Natasha
  3391 | D:3      | Reached skill level 1 in Conjurations
  3411 | D:4      | Noticed a bullfrog
  3428 | D:4      | Killed a bullfrog
  3429 | D:4      | Reached XP level 5. HP: 38/48 MP: 5/7
  3593 | D:3      | Noticed Natasha
  3603 | D:3      | Killed Natasha
  3636 | D:4      | Killed Menkaure
  3637 | D:4      | Reached skill level 1 in Short Blades
  3637 | D:4      | Reached XP level 6. HP: 20/55 MP: 5/9
  3680 | D:4      | Found a staircase to the Ecumenical Temple.
  3702 | Temple   | Entered the Ecumenical Temple
  3739 | Temple   | Fell from the grace of Ashenzari
  3739 | Temple   | Became a worshipper of Uskayaw the Reveller
  3861 | D:4      | Reached * piety under Uskayaw
  3866 | D:4      | Reached ** piety under Uskayaw
  4091 | D:5      | Entered Level 5 of the Dungeon
  4347 | D:5      | Reached skill level 3 in Dodging
  4715 | D:5      | Reached XP level 7. HP: 19/62 MP: 10/10
  4900 | D:5      | Found a white marble altar of Elyvilon.
  5020 | D:5      | Noticed a kobold demonologist
  5046 | D:5      | Noticed an orange demon
  5049 | D:5      | Noticed an ice devil
  5061 | D:5      | HP: 2/62 [ice devil[a kobold demonologist] (7)]
  5061 | D:5      | Demolished by an ice devil

Illustrated notes

Levels and vault maps discovered:
D:1:      dpeg_arrival_more_subterranean_lakeside_camping, layout_basic,
          hellmonk_ecumenical_altar_leap_of_faith
D:2:      layout_rooms, serial_shops, nicolae_shop_behind_doors,
          chequers_big_river
D:3:      layout_loops_ring, mainiacjoe_overflow_brackets, dk_noncrumbling_3,
          minmay_unequal
D:4:      layout_rooms, minmay_temple_entry_statues_pillars, uniq_menkaure,
          uniq_natasha
D:5:      layout_loops_corners, elyvilon_altar_4, minmay_increasing_density
Temple:   minmay_temple_bridge_abc

Skill      XL: |  1  2  3  4  5  6 |
---------------+-------------------+-----
Dodging        | 2 3 |  3.1
Staves         | 1 |  1.9
Fighting       | 1 |  1.6
Conjurations   | 1 |  1.3
Short Blades   | 1 2 |  2.9
Stealth        | |  1.6
Spellcasting   | |  2.8
Hexes          | |  0.9
Summonings     | |  0.6
Translocations | |  0.6

Action                   |  1- 3 |  4- 6 |  7- 9 || total
-------------------------+-------+-------+-------++-------
Melee: Dagger            |    41 |   180 |    50 ||   271
       Staff             |   188 |    16 |       ||   204
       Punch             |     1 |       |     2 ||     3
 Cast: Magic Dart        |    68 |    16 |       ||    84
       Slow              |     6 |     7 |     2 ||    15
Evoke: Wand              |       |     3 |     4 ||     7
  Use: Scroll            |     1 |     5 |       ||     6
Armor: Robe              |   152 |    39 |    15 ||   206
Dodge: Dodged            |   237 |    68 |    37 ||   342

Table legend: (Time is in decaauts)
 A = Elapsed time spent in this place.
 B = Non-inter-level travel time spent in this place.
 C = Inter-level travel time spent in this place.
 D = Time resting spent in this place.
 E = Time spent auto-exploring this place.
 F = Levels seen in this place.
 G = Mean time per level.
                   A        B        C        D        E       F      G
               +--------+--------+--------+--------+--------+-----+--------+
         Total |   5026 |   4875 |    151 |    215 |   2994 |   6 |  837.7 |
       Dungeon |   4963 |   4812 |    151 |    215 |   2991 |   5 |  992.6 |
        Temple |     62 |     62 |      0 |      0 |      3 |   1 |   62.0 |
               +--------+--------+--------+--------+--------+-----+--------+

Top non-repeatable levels by time:
     D:3: 1787 daAuts
     D:2: 931 daAuts
     D:5: 918 daAuts
     D:1: 812 daAuts
     D:4: 514 daAuts
  Temple: 62 daAuts
